 Dungeon Crawl Stone Soup version 0.22-a0-268-g1cc83ef (webtiles) character file.

70 4thArraOfDagon the Digger (level 4, 0/30 HPs)
             Began as a Barachi Earth Elementalist on Mar 9, 2018.
             Slain by a wight
             ... wielding a +0 mace
              (1 damage)
             ... on level 4 of the Dungeon.
             The game lasted 00:04:20 (813 turns).

4thArraOfDagon the Digger (BaEE)                     Turns: 813, Time: 00:04:21

Health: 0/30       AC:  2    Str:  9    XL:     4   Next: 21%
Magic:  1/8        EV: 12    Int: 17    God:
Gold:   44         SH:  0    Dex: 12    Spells: 6/9 levels left

rFire    . . .     SeeInvis .   a - +0 dagger (drain)
rCold    . . .     Gourm    .   (no shield)
rNeg     . . .     Faith    .   c - +0 robe
rPois    .         Spirit   .   (no helmet)
rElec    .         Reflect  .   (no cloak)
rCorr    .         Harm     .   (no gloves)
MR       +....                  (no boots)
Stlth    ++........             (no amulet)
HPRegen  0.10/turn              p - ring of protection from magic
MPRegen  0.11/turn              (no ring)

@: drained, slow
A: +LOS, swims, slowness 1, strong legs 1
a: Hop


You were on level 4 of the Dungeon.
You were not hungry.

You visited 1 branch of the dungeon, and saw 4 of its levels.

You collected 44 gold pieces.

Inventory:

Hand Weapons
 a - a +0 dagger of draining (weapon)
Missiles
 b - 72 stones (quivered)
Armour
 c - a +0 robe (worn)
Jewellery
 p - a ring of protection from magic (left hand)
Scrolls
 e - a scroll of blinking {unknown}
 f - a scroll of fog {unknown}
 g - a scroll of remove curse {unknown}
 i - a scroll of enchant weapon {unknown}
 q - a scroll of teleportation
Potions
 h - a potion of might {unknown}
 j - 2 potions of mutation {unknown}
 k - a potion of curing
 l - a potion of berserk rage
 m - 2 potions of heal wounds {unknown}
 n - a potion of flight {unknown}
 r - a potion of haste {unknown}
Comestibles
 d - 2 rations
 o - 8 chunks of flesh


   Skills:
 - Level 2.1(1.6) Dodging
 - Level 1.7(1.2) Stealth
 + Level 3.1(2.5) Spellcasting
 - Level 1.1(0.5) Transmutations
 * Level 4.4(3.8) Earth Magic


You had 6 spell levels left.
You knew the following spells:

 Your Spells              Type           Power        Failure   Level  Hunger
a - Sandblast             Erth           ###...       3%          1    #......
b - Passwall              Tmut/Erth      #.........   12%         2    ##.....


Dungeon Overview and Level Annotations

Branches:
Dungeon (4/15)
 Temple: D:4-7

Altars:
Qazlal


Innate Abilities, Weirdness & Mutations

Shadows flee at your approach. (+LOS)
You can swim through water.
You cover ground slowly.
You can hop short distances.


Message History

Unknown command.
The howler monkey howls!
Found a buckler.
Unknown command.
Unknown command.
The wight hits you with a mace!
Unknown command.
Unknown command.
The wight hits you with a mace.
* * * LOW HITPOINT WARNING * * *
Unknown command.
Unknown command.
A jackal comes into view.
The jackal barks!
You hear a bark!
Unknown command.
The howler monkey hoots and howls with incredible vigour!
The wight hits you with a mace.
* * * LOW HITPOINT WARNING * * *
You feel drained.
You die...

#.# ###.#.##..#
#.##.........##
#.............#
#.####(........)...
........#.#..#...#
#.$.h......#
#.##.#.##..# #
#z#... #@#.##h.
#..#.# .# #.##.# #
#. .# #h .# #. .#
#. .h ..


You could see a howler monkey, a wight and 2 jackals.

Vanquished Creatures
  A gnoll (D:1)
  An adder (D:2)
  A worm (D:2)
  2 dart slugs (D:1)
  2 leopard geckos (D:3)
  3 orcs
  6 bats
  4 goblins
  4 hobgoblins
  5 kobolds
  5 frilled lizards
  3 rats
37 creatures vanquished.

Notes
Turn   | Place    | Note
-------+----------+-------------------------------------------
     0 | D:1      | 4thArraOfDagon the Barachi Earth Elementalist began the quest for the Orb.
     0 | D:1      | Reached XP level 1. HP: 13/13 MP: 3/3
    91 | D:1      | Reached XP level 2. HP: 9/19 MP: 0/5
   179 | D:1      | Reached XP level 3. HP: 12/24 MP: 1/7
   336 | D:2      | Reached skill level 4 in Earth Magic
   510 | D:3      | Reached XP level 4. HP: 30/30 MP: 3/8
   692 | D:3      | Learned a level 2 spell: Passwall
   700 | D:3      | Found a stormy altar of Qazlal.
   813 | D:4      | HP: 1/30 [wight/mace (5)]
   813 | D:4      | Slain by a wight

Vault maps used:
D:1:      sevenhm_arrival_forest_fort_small_4, kennysheep_crisscross,
          minmay_misc_feat_roman
D:2:      uniq_robin
D:3:      overflow_temple_1_default
D:4:      first_ration, uniq_menkaure

Skill      XL: |  1  2  3 |
---------------+----------+-----
Earth Magic    | 4 |  4.4
Spellcasting   | 3 |  3.1
Dodging        | |  2.1
Stealth        | |  1.7
Transmutations | |  1.1

Action                   |  1- 3 |  4- 6 || total
-------------------------+-------+-------++-------
Melee: Dagger            |    37 |    34 ||    71
 Cast: Sandblast         |    24 |    11 ||    35
 Abil: Hop               |     1 |       ||     1
  Use: Scroll            |     1 |     2 ||     3
Armor: Robe              |    20 |     4 ||    24
Dodge: Dodged            |    48 |    23 ||    71

Table legend:
 A = Spawn XP
 B = Non-spawn XP
 C = Spawn XP percentage of total XP
 D = Spawn monster count
 E = Non-spawn monster count
 F = Spawn count percentage of total count
 G = Total turns spent on level
                    A         B        C        D         E        F      G
               +---------+---------+-------+---------+---------+-------+---------
         Total |       0 |     100 |   0.0 |       0 |      37 |   0.0 |   813
               +---------+---------+-------+---------+---------+-------+---------
           D:1 |       0 |      46 |   0.0 |       0 |      16 |   0.0 |   303
           D:2 |       0 |      34 |   0.0 |       0 |      11 |   0.0 |   275
           D:3 |       0 |      20 |   0.0 |       0 |      10 |   0.0 |   213
               +---------+---------+-------+---------+---------+-------+---------
